 Dungeon Crawl Stone Soup version 0.21-a0-150-gc243083 (webtiles) character file.

748 Lunath the Cleaver (level 7, -4/64 HPs)
             Began as a Hill Orc Monk on July 27, 2017.
             Was a Follower of Beogh.
             Splashed by a jelly's acid (10 damage)
             ... on level 5 of the Dungeon.
             The game lasted 00:08:45 (6344 turns).

Lunath the Cleaver (Hill Orc Monk)                  Turns: 6344, Time: 00:08:46

Health: -4/64      AC: -1    Str: 16    XL:     7   Next: 77%
Magic:  7/7        EV: 10    Int: 10    God:    Beogh [*.....]
Gold:   161        SH:  0    Dex: 13    Spells: 6/6 levels left

rFire    . . .     SeeInvis .   a - +0 hand axe
rCold    . . .     Gourm    .   (no shield)
rNeg     . . .     Faith    .   q - +0 scale mail
rPois    .         Spirit   .   (no helmet)
rElec    .         Reflect  .   (no cloak)
rCorr    .         Harm     .   (no gloves)
MR       .....                  (no boots)
Stlth    ..........             o - amulet of rage
HPRegen  0.20/turn              (no ring)
MPRegen  0.10/turn              (no ring)

@: corroded
A: no striking features
a: Renounce Religion, Evoke Berserk Rage


You were on level 5 of the Dungeon.
You worshipped Beogh.
Beogh was aware of your devotion.
You were not hungry.

You visited 1 branch of the dungeon, and saw 5 of its levels.

You collected 161 gold pieces.

Inventory:

Hand Weapons
 a - a +0 hand axe (weapon)
Armour
 q - a +0 scale mail (worn)
Jewellery
 o - an amulet of rage (around neck)
Wands
 f - a wand of random effects (26/48)
 h - a wand of random effects (28/48)
Scrolls
 b - a scroll of enchant weapon {unknown}
 d - 3 scrolls of teleportation {unknown}
 g - 3 scrolls of remove curse {unknown}
 j - 2 scrolls of fear {unknown}
 k - 4 scrolls of identify {unknown}
 l - a scroll of immolation {unknown}
 m - a scroll of magic mapping {unknown}
 r - a scroll of noise {unknown}
Potions
 e - a potion of lignification {unknown}
 p - a potion of curing
 s - a potion of degeneration {unknown}
Comestibles
 c - 2 bread rations
 i - a meat ration
 n - a royal jelly


   Skills:
 + Level 6.6 Fighting
 * Level 9.0 Axes
 + Level 3.3 Armour
 - Level 2.4 Dodging
 - Level 1.5 Stealth


You had 6 spell levels left.
You didn't know any spells.

Dungeon Overview and Level Annotations

Branches:
Dungeon (5/15)
 Temple: D:4-7

Altars:
Elyvilon
Fedhas
Makhleb
Trog
Zin


Message History

You hit the jelly. The acid corrodes you!
Your hands burn!
The jelly is moderately wounded.
The jelly hits you but does no damage.
You hit the jelly.
Your hands burn!
The jelly is heavily wounded.
The jelly hits you.
You are splashed with acid!
The acid burns!
* * * LOW HITPOINT WARNING * * *
You barely miss the jelly.
The jelly is heavily wounded.
You hit the jelly. The acid corrodes you!
Your hands burn!
* * * LOW HITPOINT WARNING * * *
The jelly is severely wounded.
The jelly barely misses you.
You hit the jelly but do no damage. The acid corrodes you!
Your hands burn!
* * * LOW HITPOINT WARNING * * *
The jelly is severely wounded.
The jelly hits you.
* * * LOW HITPOINT WARNING * * *
You are splashed with acid!
The acid burns!
You die...

#...# #.#.# #.# #.#.#
#.# #.#.# #.#
##########.#.#### #.#
.........#.#....# #.#
..>......#.#..#.# #.#
........)..#..#.###.####
?......@.###..#.........
######J#......#####.....
#.#.#.#.## #.....
#.###.#.# #..... #. .
#.######..... ##
........... ####....
#### #..).)). ...
#.#.....


You could see a jelly.

Vanquished Creatures
  2 phantoms
  An ogre (D:5)
  A scorpion (D:4)
  A centaur skeleton (D:5)
  2 hounds
  2 jellies (D:5)
  5 worker ants
  3 gnolls
  5 adders
  An ooze (D:3)
  A worm (D:2)
  3 dart slugs
  5 leopard geckos
  An orc (D:5)
  8 giant cockroaches
  9 hobgoblins
  6 jackals
  3 quokkas
  6 bats
  7 frilled lizards
  10 goblins
  13 kobolds
  A leopard gecko skeleton (D:4)
  A quokka zombie (D:4)
  8 rats
105 creatures vanquished.

Vanquished Creatures (others)
  An orc priest (D:5)
  An orc wizard (D:5)
  4 orcs (D:5)
6 creatures vanquished.

Grand Total: 111 creatures vanquished

Notes
Turn   | Place    | Note
-------+----------+-------------------------------------------
     0 | D:1      | Lunath the Hill Orc Monk began the quest for the Orb.
     0 | D:1      | Reached XP level 1. HP: 19/19 MP: 1/1
   205 | D:1      | Reached XP level 2. HP: 23/27 MP: 2/2
   824 | D:2      | Reached XP level 3. HP: 33/33 MP: 3/3
  1158 | D:2      | Reached skill level 5 in Axes
  1602 | D:2      | Found a blossoming altar of Fedhas.
  1638 | D:2      | Reached XP level 4. HP: 27/41 MP: 4/4
  1874 | D:2      | Reached skill level 5 in Fighting
  1883 | D:2      | Found a burning altar of Makhleb.
  2256 | D:3      | Reached skill level 6 in Axes
  2321 | D:3      | Reached XP level 5. HP: 48/48 MP: 5/5
  2579 | D:3      | Found a white marble altar of Elyvilon.
  2708 | D:3      | Found a glowing silver altar of Zin.
  2906 | D:4      | HP: 1/48 [poisoned by a scorpion]
  3206 | D:4      | Reached skill level 1 in Armour
  3206 | D:4      | Reached XP level 6. HP: 14/56 MP: 6/6
  4062 | D:3      | Reached skill level 7 in Axes
  4212 | D:3      | Noticed a phantom
  4243 | D:3      | Killed a phantom
  4769 | D:4      | Found a bloodstained altar of Trog.
  4832 | D:4      | Noticed a phantom
  4875 | D:4      | Killed a phantom
  4875 | D:4      | Reached skill level 8 in Axes
  4875 | D:4      | Reached XP level 7. HP: 39/63 MP: 7/7
  5773 | D:5      | Entered Level 5 of the Dungeon
  6151 | D:5      | Became a worshipper of Beogh the Brigand
  6151 | D:5      | Reached * piety under Beogh
  6151 | D:5      | Reached ** piety under Beogh
  6226 | D:5      | Reached skill level 9 in Axes
  6344 | D:5      | Splashed by a jelly's acid

Vault maps used:
D:1:      lightli_arrival_quake, hex_large
D:2:      fedhas_altar_3, makhleb_blood_cavern_becter
D:3:      zin_statuary, elyvilon_altar_5
D:4:      trog_hazing_becter
D:5:      marbit_many_paths, minmay_temple_entry_grid, first_bread,
          uniq_eustachio

Skill      XL: |  1  2  3  4  5  6  7 |
---------------+----------------------+-----
Fighting       | 4 5 6 |  6.6
Axes           | 5 6 8 9 |  9.0
Armour         | 1 2 3 |  3.3
Dodging        | |  2.4
Stealth        | |  1.5

Action                   |  1- 3 |  4- 6 |  7- 9 || total
-------------------------+-------+-------+-------++-------
Melee: Hand axe          |   147 |   227 |   115 ||   489
Invok: Smiting           |       |       |     1 ||     1
       Convert to Beogh  |       |       |     1 ||     1
  Use: Potion            |       |     5 |       ||     5
 Stab: Sleeping          |       |     3 |       ||     3
  Eat: Chunk             |     2 |     6 |     3 ||    11
       Meat ration       |       |     1 |       ||     1
       Royal jelly       |       |       |     1 ||     1
Armor: Robe              |    30 |    12 |       ||    42
       Scale mail        |       |    42 |    33 ||    75
Dodge: Dodged            |   131 |   123 |    52 ||   306
